 Dungeon Crawl Stone Soup version 0.30-a0-1160-g6e42c06551 (webtiles) character file.

Game seed: 3279901987681085981

1486982 Ge0ff the Jester (level 25, 189/189 HPs)
             Began as a Demonspawn Fighter on Apr 25, 2023.
             Was a Follower of Nemelex Xobeh.
             Escaped with the Orb
             ... and 3 runes on Apr 26, 2023!
             The game lasted 04:21:31 (86518 turns).

Ge0ff the Jester (Demonspawn Fighter)              Turns: 86518, Time: 04:21:32

Health: 189/189    AC: 23    Str: 33    XL:     25   Next: 81%
Magic:  38/38      EV: 18    Int: 14    God:    Nemelex Xobeh [*.....]
Gold:   3130       SH: 17    Dex: 17    Spells: 26/44 levels left

rFire   + + +        a - +7 dagger of Dullness {elec, Contam rElec Will+}
rCold   + . .        Y - +3 kite shield
rNeg    + . .        S - +4 swamp dragon scales
rPois   +            (helmet unavailable)
rElec   +            Q - scarf of Salvation {+Inv, rF+ rC+ Regen+}
rCorr   +            G - +0 pair of fencer's gloves {Riposte Dex+3}
SInv    .            P - +2 pair of boots {rampage}
Will    ++++.        L - amulet of faith
Stlth   +            r - ring "Piezxun" {rElec rF+ rN+ Str+8 Dex-4 Slay+3, =R}
HPRegen 1.31/turn    p - ring of the Baleful Banana {rCorr Str+6 Slay+4 Stlth-}
MPRegen 0.26/turn

%: rampage, faith
@: studying 2 skills
A: horns 3, molten scales 3, demonic guardian 3, hurl damnation, powered by pain
2, torment resistance 1, demonic willpower, frail 1, strong-willed 1, mutation
resistance 1
0: Orb of Zot
}: 3/15 runes: decaying, silver, gossamer
a: Hurl Damnation, Renounce Religion, Evoke Invisibility, Draw Escape, Draw
Destruction, Draw Summoning, Draw Stack


You escaped.
You worshipped Nemelex Xobeh.
Nemelex Xobeh was aware of your devotion.
You visited 10 branches of the dungeon, and saw 50 of its levels.
You visited 1 bazaar.
You also visited: Ice Cave and Volcano.

You collected 11930 gold pieces.
You spent 8800 gold pieces at shops.

Inventory:

Hand Weapons
 a - the +7 dagger of Dullness (weapon) {elec, Contam rElec Will+}
   (You found it on level 8 of the Dungeon)

   rElec:     It insulates you from electricity.
   Contam:    It causes magical contamination when unequipped.
   Will:      It increases your willpower.
 b - the +9 rapier "Dudeh" {flame, +Blink rC+}
   (You found it on level 4 of the Depths)

   rC:        It protects you from cold.
   +Blink:    It lets you blink.
Missiles
 g - 2 throwing nets {=F}
 h - 28 atropa-tipped darts (quivered)
 i - 12 datura-tipped darts {=F}
 v - 6 curare-tipped darts {=F}
 x - 17 javelins
 A - 6 silver javelins
Armour
 G - the +0 pair of fencer's gloves (worn) {Riposte Dex+3}
   (You found it on level 2 of the Depths)

   Riposte:   It allows the wearer to riposte with melee weapons, swiftly
   retaliating against missed or blocked melee attacks.
   Dex:       It affects your dexterity (+3).
 P - a +2 pair of boots of rampaging (worn)
 Q - the scarf of Salvation (worn) {+Inv, rF+ rC+ Regen+}
   (You found it on level 3 of the Elven Halls)

   rF:        It protects you from fire.
   rC:        It protects you from cold.
   Regen:     It increases your rate of health regeneration.
 S - +4 swamp dragon scales (worn)
 Y - a +3 kite shield (worn)
Jewellery
 p - the ring of the Baleful Banana (right hand) {rCorr Str+6 Slay+4 Stlth-}
   (You found it on level 1 of the Vaults)

   [ring of strength]

   Str:       It affects your strength (+6).
   Slay:      It affects your accuracy & damage with ranged weapons and melee
   (+4).
   rCorr:     It protects you from acid and corrosion.
   Stlth:     It makes you less stealthy.
 r - the ring "Piezxun" (left hand) {rElec rF+ rN+ Str+8 Dex-4 Slay+3, =R}
   (You found it on level 3 of the Crypt)

   [ring of positive energy]

   Str:       It affects your strength (+8).
   Dex:       It affects your dexterity (-4).
   Slay:      It affects your accuracy & damage with ranged weapons and melee
   (+3).
   rF:        It protects you from fire.
   rElec:     It insulates you from electricity.
   rN:        It protects you from negative energy.
 w - a ring of see invisible
 D - a +7 ring of slaying
 L - an amulet of faith (around neck)
Wands
 d - a wand of digging (14)
 e - a wand of charming (28)
 f - a wand of flame (57)
 j - a wand of acid (4)
 k - a wand of iceblast (50)
 s - a wand of mindburst (43)
Scrolls
 m - 4 scrolls of magic mapping
 t - 4 scrolls of butterflies
 y - 8 scrolls of immolation
 B - 4 scrolls of blinking
 C - 9 scrolls of poison
 E - 9 scrolls of fear
 F - 13 scrolls of fog
 J - 2 scrolls of silence {!r}
 T - 15 scrolls of teleportation
 V - 12 scrolls of vulnerability
Potions
 o - 4 potions of ambrosia
 q - 26 potions of curing
 u - 5 potions of mutation {!q}
 z - 8 potions of brilliance
 H - 6 potions of haste {!q}
 I - a potion of invisibility
 K - 10 potions of magic {!q}
 M - 12 potions of might
 N - 5 potions of cancellation {!q}
 R - 5 potions of resistance
 W - 4 potions of heal wounds {!q}
 X - 6 potions of flight
 Z - 2 potions of berserk rage {!q}
Miscellaneous
 c - a condenser vane
 l - a lightning rod (4/4)
 n - a phial of floods
 O - a box of beasts
 U - a phantom mirror


   Skills:
 + Level 20.2 Fighting
 - Level 14.0 Short Blades
 + Level 11.9 Throwing
 - Level 12.0 Armour
 - Level 12.0 Dodging
 - Level 5.0 Stealth
 - Level 15.0 Shields
 - Level 10.0 Spellcasting
 - Level 12.0 Conjurations
 - Level 7.0 Hexes
 - Level 7.0 Translocations
 - Level 12.0 Transmutations
 - Level 10.0 Earth Magic
 + Level 22.2 Invocations
 + Level 13.9 Evocations


You had 26 spell levels left.
You knew the following spells:

 Your Spells              Type           Power      Damage    Failure   Level
g - Apportation           Tloc           52%        N/A       1%          1
h - Lee's Rapid Deconstr  Erth           17%        3d11*     9%          5
w - Passwall              Tmut/Erth      30%        N/A       1%          2
y - Yara's Violent Unrav  Hex/Tmut       16%        3d8       10%         5
E - Irradiate             Conj/Tmut      20%        3d18      3%          5

Your spell library contained the following spells:

 Spells                   Type           Power      Damage    Failure   Level
 Foxfire                  Conj/Fire      92%        2x1d8     1%          1
 Kiss of Death            Conj/Necr      92%        2d12      1%          1
 Shock                    Conj/Air       92%        1d8       1%          1
 Sting                    Tmut/Pois      92%        1d7       1%          1
 Lesser Beckoning         Tloc           52%        N/A       1%          2
 Wereblood                Tmut           40%        N/A       1%          2
 Static Discharge         Conj/Air       46%        2-4/arc   2%          2
 Gell's Gravitas          Tloc           26%        N/A       3%          3
 Teleport Other           Tloc           26%        N/A       3%          3
 Fulminant Prism          Conj/Hex       16%        3d10      3%          4
 Blade Hands              Tmut           20%        N/A       3%          5
 Iskenderun's Battlesphe  Conj           40%        2d9       3%          5
 Hailstorm                Conj/Ice       23%        3d7       4%          3
 Spider Form              Tmut/Pois      23%        N/A       4%          3
 Leda's Liquefaction      Hex/Erth       15%        N/A       5%          4
 Ensorcelled Hibernation  Hex/Ice        32%        N/A       6%          2
 Cause Fear               Hex            13%        N/A       10%         4
 Manifold Assault         Tloc           26%        N/A       10%         4
 Inner Flame              Hex/Fire       16%        N/A       13%         3
 Summon Guardian Golem    Hex/Summ       16%        N/A       13%         3
 Vhi's Electric Charge    Tloc/Air       32%        N/A       13%         3
 Volatile Blastmotes      Fire/Tloc      32%        2d12      13%         3
 Ice Form                 Ice/Tmut       23%        N/A       16%         4
 Necrotise                Necr           28%        1d5       19%         1
 Summon Small Mammal      Summ           28%        N/A       19%         1
 Cigotuvi's Dreadful Rot  Necr/Pois/Air  14%        N/A       26%         2
 Poisonous Vapours        Pois/Air       14%        N/A       26%         2
 Sublimation of Blood     Necr           7%         N/A       26%         2
 Statue Form              Tmut/Erth      24%        N/A       30%         6
 Anguish                  Hex/Necr       8%         N/A       38%         4
 Arcjolt                  Conj/Air       11%        1d21      38%         5
 Fireball                 Conj/Fire      11%        3d7       38%         5
 Swiftness                Air            7%         N/A       47%         3
 Vampiric Draining        Necr           7%         2d6       47%         3
 Dragon Form              Tmut           20%        N/A       73%         7
 Orb of Destruction       Conj           20%        9d8       73%         7
 Summon Forest            Summ/Tloc      8%         N/A       75%         5
 Summon Mana Viper        Hex/Summ       16%        N/A       75%         5
 Dispersal                Tloc           13%        N/A       83%         6
 Airstrike                Air            3%         2d(1-17)  87%         4
 Animate Dead             Necr           7%         N/A       87%         4
 Dispel Undead            Necr           7%         3d8       87%         4
 Olgreb's Toxic Radiance  Pois           7%         N/A       87%         4
 Summon Ice Beast         Ice/Summ       7%         N/A       87%         4
 Summon Lightning Spire   Summ/Air       7%         N/A       87%         4
 Conjure Ball Lightning   Conj/Air       11%        3x3d6     93%         6
 Death Channel            Necr           3%         N/A       100%        6
 Plasma Beam              Fire/Air       3%         2x1d15    100%        6
 Simulacrum               Ice/Necr       3%         N/A       100%        6
 Summon Cactus Giant      Summ           3%         N/A       100%        6
 Enfeeble                 Hex            13%        N/A       100%        7
 Malign Gateway           Summ/Tloc      8%         N/A       100%        7
 Monstrous Menagerie      Summ           3%         N/A       100%        7
 Storm Form               Tmut/Air       11%        N/A       100%        7
 Summon Hydra             Summ           3%         N/A       100%        7
 Borgnjor's Revivificati  Necr           3%         N/A       100%        8
 Discord                  Hex            13%        N/A       100%        8
 Disjunction              Tloc           13%        N/A       100%        8
 Maxwell's Capacitive Co  Air            3%         ∞         100%        8
 Summon Horrible Things   Summ           3%         N/A       100%        8
 Death's Door             Necr           3%         N/A       100%        9
 Dragon's Call            Summ           3%         N/A       100%        9


Dungeon Overview and Level Annotations

Branches:
Dungeon (15/15)            Temple (0/1) D:6            Lair (5/5) D:8
  Swamp (4/4) Lair:3       Spider (4/4) Lair:3        Slime (0/5) Lair:4
    Orc (2/2) D:9             Elf (3/3) Orc:2        Vaults (5/5) D:14
  Crypt (3/3) Vaults:2       Tomb (0/3) Crypt:3      Depths (4/4) D:15
    Zot (5/5) Depths:4      IceCv (visited)         Volcano (visited)

Altars:
Ashenzari
Dithmenos
Gozag
Hepliaklqana
Kikubaaqudgha
Makhleb
Nemelex Xobeh
Qazlal
Ru
Uskayaw
Vehumet
Xom

Shops:
D:4 =   D:7 =([[   D:11 =   D:12 ?   Orc:2 ?[=?   Elf:1 ?   Vaults:1 [
Vaults:3 *

Portals:
Hell: Depths:1 Depths:2 Depths:3 Depths:4
Abyss: Depths:3
Pandemonium: Depths:2
Ziggurat: Depths:2


Innate Abilities, Weirdness & Mutations

You have a pair of large horns on your head.
You are completely covered in molten scales. (AC +4, rF+)
A powerful demonic guardian rushes to your aid.
You can hurl damnation.
You sometimes gain power by taking damage.
You are resistant to unholy torment.
You punish those that try to bend your will. (Will+)
You are frail. (-10% HP)
You are strong-willed. (Will+)
You are somewhat resistant to further mutation.


Message History

A rock wall.
This square is covered in magical glow.
You begin to meditate on the wall.
You continue meditating on the rock. x2
You finish merging with the rock.
As you close the door, it creaks loudly!
Really remove
L - an amulet of faith?
You start removing your amulet.
You continue taking off your amulet of faith. x4
You finish taking off your amulet of faith.
Nemelex Xobeh seems less interested in you.
You feel less pious.
Unknown command.
Really put on
L - an amulet of faith?
You start putting on your amulet.
You continue putting on your amulet of faith. x5
You finish putting on your amulet of faith.
You feel a surge of divine interest.
L - an amulet of faith (around neck) Really remove
L - an amulet of faith?
You start removing your amulet.
You continue taking off your amulet of faith. x4
You finish taking off your amulet of faith.
Nemelex Xobeh seems less interested in you.
You feel less pious.
You can no longer deal four cards at a time.
Really put on
L - an amulet of faith?
You start putting on your amulet.
You continue putting on your amulet of faith. x3
Your extra speed is starting to run out.
You continue putting on your amulet of faith. x2
Magic restored.
You finish putting on your amulet of faith.
You feel a surge of divine interest.
L - an amulet of faith (around neck) Really remove
L - an amulet of faith?
You start removing your amulet.
You continue taking off your amulet of faith. x4
You finish taking off your amulet of faith.
Nemelex Xobeh seems less interested in you.
You feel less pious.
Unknown command.
Really put on
L - an amulet of faith?
You start putting on your amulet.
You continue putting on your amulet of faith.
You feel yourself slow down.
You continue putting on your amulet of faith. x4
You finish putting on your amulet of faith.
You feel a surge of divine interest.
L - an amulet of faith (around neck)
You have escaped!

#........'.........'.......
#........#.........#.######
#........#.........#.# #
#...############...#.# #
#...#....'.....#...#.######
#...#....#.....#...#.......
#...#....#.....#...#.####..
#...#....###...#...#.# #..#
#'###'####@#...#...#.###.##
#...#...##+###'###'#.......
#...#...#..#...#..........#
#...#...'..#...#..÷#####...
#...########...#)>.........
#.......#......#..##.......
#.......#......#..##....###
#.......'......#..##....#
################..##....#


There were no monsters in sight!

Vanquished Creatures
  3 dread liches
  3 orbs of fire
  3 ancient liches (Zot:5)
  2 juggernauts
  3 Killer Klowns
  Xtahua (Depths:4)
  3 caustic shrikes (Depths:1)
  5 golden dragons
  Jory (Vaults:2)
  A pearl dragon (Crypt:2)
  2 electric golems (Zot:5)
  7 tentacled monstrosities
  25 Orb Guardians
  3 liches
  A walking earthen tome (Depths:2)
  Zenata (Elf:3)
  3 quicksilver dragons
  6 titans
  A quicksilver dragon (shapeshifter) (Depths:1)
  2 deep elf master archers (Elf:3)
  An ancient champion (Crypt:3)
  2 deep elf blademasters
  Frances (D:14)
  A death cob (Zot:4)
  6 shadow dragons
  The ghost of sastreii the Carver, an adept GnRe of Cheibriados (Spider:4)
  3 sphinxes
  7 storm dragons
  A draconian monk (Depths:4)
  Agnes (Elf:2)
  5 tengu reavers
  A fenstrider witch (Swamp:4)
  A fenstrider witch (shapeshifter) (Depths:2)
  An azure jelly (Vaults:5)
  Donald (Spider:4)
  Aizul (Swamp:1)
  9 fire giants
  A draconian knight (Zot:1)
  3 revenants (Crypt:3)
  7 deep elf sorcerers (Elf:3)
  9 frost giants
  22 vault wardens
  7 ghost moths
  4 emperor scorpions
  A draconian shifter (Zot:1)
  2 draconian scorchers
  An iron dragon (Vaults:4)
  A curse skull (Vaults:2)
  6 deep elf elementalists
  2 spectral juggernauts (Crypt:3)
  9 ghouls
  16 very ugly things
  14 ironbound preservers
  18 stone giants
  4 war gargoyles
  3 broodmothers
  2 reapers
  An orc warlord (Vaults:3)
  11 vampire knights
  7 ironbound thunderhulks
  4 eleionomae
  9 deep elf demonologists
  3 dire elephants (Vaults:1)
  4 purple draconians
  3 red draconians
  3 green draconians
  A rockslime zombie (Crypt:3)
  A bunyip (Swamp:4)
  6 deep elf annihilators (Elf:3)
  14 spark wasps
  Azrael (D:12)
  2 yellow draconians
  3 white draconians
  2 spectral quicksilver dragons (Crypt:3)
  3 fire dragons
  9 eidola
  A quicksilver dragon zombie (Crypt:1)
  5 deep elf death magi
  Snorg (D:12)
  15 ettins
  4 blizzard demons
  5 yaktaur captains
  3 entropy weavers
  2 spectral spriggans (Crypt:3)
  8 jiangshi
  2 shambling mangroves
  6 deep elf high priests
  22 vault guards
  3 crystal guardians
  15 hydras
  5 ice dragons
  6 peacekeepers
  A caustic shrike simulacrum (Crypt:3)
  17 great orbs of eyes
  2 rakshasas
  A spectral shadow dragon (Crypt:3)
  7 jorogumos
  3 catoblepae (Lair:4)
  An anaconda (Vaults:1)
  A salamander tyrant (Depths:2)
  A merfolk avatar (Swamp:4)
  A spriggan skeleton (Depths:2)
  3 ogre magi
  5 spriggan air magi
  An anaconda (shapeshifter) (Vaults:2)
  A radroach (Spider:3)
  27 dancing weapons
  3 centaur warriors
  5 ironbound frosthearts
  4 death yaks
  A satyr (Spider:3)
  8 alligators
  7 death scarabs (Spider:4)
  2 two-headed ogres
  3 hell hogs (Depths:1)
  An alligator (shapeshifter) (Depths:1)
  3 tengu warriors
  A titan zombie (Depths:2)
  8 boulder beetles
  3 deep troll earth magi
  An orc high priest (Vaults:3)
  2 spectral dire elephants (Crypt:3)
  A deep troll shaman (Depths:3)
  A spectral storm dragon (Crypt:3)
  A bennu skeleton (Crypt:2)
  10 vampire magi
  Nergalle (Orc:2)
  Urug (Lair:4)
  A hell knight (Vaults:5)
  10 spriggan berserkers
  16 deep elf knights
  Amaemon (Lair:3)
  2 soul eaters (Crypt:1)
  A fire crab (Vaults:5)
  9 shadow wraiths
  A salamander mystic (Depths:2)
  10 skeletal warriors
  5 pharaoh ants
  A storm dragon skeleton (Crypt:1)
  5 goliath frogs
  Lodul (D:14)
  A spectral bunyip (Crypt:3)
  A spark wasp zombie (Crypt:1)
  4 spriggan druids
  A quicksilver dragon simulacrum (Crypt:3)
  5 iron trolls
  9 orb spiders
  A glowing orange brain (Depths:2)
  A bunyip zombie (Swamp:2)
  11 ironbound convokers
  12 flayed ghosts
  27 deep trolls
  10 swamp dragons
  4 deep elf archers
  6 lindwurms
  2 spectral wolf spiders (Spider:4)
  6 bog bodies
  A wolf spider zombie (Spider:4)
  27 deep elf pyromancers
  6 necromancers
  15 phantasmal warriors
  7 steelbarb worms
  Pikel (D:5)
  6 harpies
  A spriggan simulacrum (Crypt:3)
  A frost giant zombie (D:15)
  20 ugly things
  7 orc sorcerers (Orc:2)
  A sphinx skeleton (Depths:2)
  7 wizards
  7 orc knights
  12 wolf spiders
  A human zombie (Vaults:2)
  A spectral ettin (Crypt:3)
  22 deep elf zephyrmancers
  A shadow dragon skeleton (Vaults:2)
  2 salamanders
  A stone giant zombie (Crypt:2)
  3 cyclopes
  A shining eye (Depths:2)
  A moth of wrath (shapeshifter) (Vaults:4)
  5 manticores
  2 tengu skeletons
  5 elephants
  A human skeleton (Vaults:4)
  Maurice (D:10)
  A fire giant skeleton (Vaults:4)
  A cyclops (shapeshifter) (Vaults:5)
  A guardian serpent (Vaults:4)
  5 black mambas
  23 vault sentinels
  2 stone giant skeletons
  2 spectral centaurs (Crypt:3)
  A smoke demon (Depths:1)
  A dire elephant zombie (Crypt:1)
  An orange demon (Lair:3)
  2 ice statues (IceCv)
  14 moths of wrath
  A water nymph (shapeshifter) (Vaults:5)
  A water nymph (Vaults:4)
  A rust devil (D:12)
  14 cane toads
  7 torpor snails
  A gargoyle (D:12)
  2 kobold demonologists
  An eye of devastation (Swamp:1)
  3 demonic crawlers
  A yellow draconian zombie (Crypt:2)
  A sea snake zombie (Crypt:2)
  3 efreet
  A white draconian zombie (Crypt:1)
  3 rime drakes (Lair:5)
  5 spectral redbacks (Spider:4)
  47 yaktaurs
  An ice devil (D:12)
  2 redback zombies (Spider:4)
  2 unseen horrors
  An anaconda simulacrum (Crypt:3)
  9 komodo dragons
  A bunyip simulacrum (Crypt:3)
  21 freezing wraiths
  A yaktaur (shapeshifter) (D:15)
  A tengu conjurer (Depths:3)
  3 hydra zombies (Swamp:2)
  A purple draconian skeleton (Crypt:3)
  A polar bear (Vaults:1)
  11 trolls
  2 spectral harpies (Crypt:3)
  Grinder (D:5)
  A meliai (D:13)
  18 hornets
  A spectral jumping spider (Spider:4)
  11 tyrant leeches
  A merfolk (Spider:1)
  A tarantella (shapeshifter) (Elf:3)
  15 blink frogs
  A queen bee (Spider:1)
  Prince Ribbit (D:8)
  A dream sheep (Vaults:5)
  16 tarantellas
  A fire dragon zombie (Crypt:2)
  A hydra skeleton (Crypt:2)
  A spectral tarantella (Spider:4)
  5 tarantella zombies
  2 alligator zombies (Swamp:2)
  A dream sheep (shapeshifter) (Vaults:5)
  8 culicivoras
  4 ynoxinuls
  19 jumping spiders
  2 centaur simulacra
  2 air elementals (Elf:3)
  22 slime creatures
  13 spriggans
  A vampire (D:11)
  A shadow (D:9)
  3 flying skulls (Crypt:2)
  17 wraiths
  3 ettin skeletons
  13 water elementals
  11 wyverns
  2 hogs (Swamp:1)
  55 yaks
  4 basilisks
  5 fire elementals
  2 steam dragons
  A fire bat (Orc:2)
  2 death yak simulacra (IceCv)
  Grum (D:9)
  40 redbacks
  An elf simulacrum (Vaults:2)
  4 vampire mosquitoes (D:12)
  A harpy simulacrum (Crypt:3)
  16 swamp worms
  3 wargs
  A naga zombie (Crypt:1)
  A glowing shapeshifter zombie (D:15)
  A hydra simulacrum (Swamp:2)
  18 water moccasins
  4 floating eyes
  3 hell hounds (D:12)
  A glowing shapeshifter skeleton (D:15)
  6 swamp drakes
  27 orc warriors
  5 black bears
  2 sky beasts (D:7)
  5 wolves
  14 ogres
  2 swamp dragon zombies (Swamp:2)
  A phantom (D:6)
  9 centaurs
  A lemure (D:5)
  A salamander zombie (Crypt:2)
  Blork the orc (D:4)
  A yaktaur zombie (Crypt:1)
  7 kobold brigands
  A fire crab zombie (Crypt:3)
  18 bullfrogs
  A gnoll sergeant (D:6)
  4 necrophages
  A salamander skeleton (Crypt:3)
  3 earth elementals
  9 scorpions
  3 wights (D:6)
  14 killer bees
  3 swamp dragon simulacra
  9 electric eels
  A howler monkey (D:6)
  A wolf zombie (Crypt:2)
  A shapeshifter skeleton (Crypt:2)
  20 orc priests
  2 hounds
  Crazy Yiuf (D:5)
  Ijyb (D:5)
  10 jellies
  2 sleepcaps
  39 orc wizards
  3 iguanas
  A wolf simulacrum (IceCv)
  A boggart skeleton (Crypt:3)
  2 polar bear simulacra (IceCv)
  An ice beast zombie (Crypt:1)
  An ogre zombie (Crypt:3)
  An acid dragon skeleton (Crypt:3)
  3 human simulacra
  13 adders
  3 gnolls (D:6)
  A swamp drake zombie (Crypt:1)
  A shadow imp (D:6)
  3 white imps
  2 ufetubi
  An iguana zombie (Crypt:1)
  4 worms
  2 dart slugs
  67 orcs
  7 ball pythons
  2 endoplasms
  4 giant cockroaches
  10 goblins
  4 hobgoblins
  4 jackals (D:4)
  32 kobolds
  A quokka (shapeshifter) (Vaults:5)
  6 quokkas
  6 bats
  6 frilled lizards
  A gnoll skeleton (Crypt:3)
  7 rats
  A spectral hobgoblin (D:5)
  A bush (D:7)
1905 creatures vanquished.

Vanquished Creatures (collateral kills)
  Sojobo (Depths:2)
  Vv (Depths:4)
  2 caustic shrikes (Depths:1)
  Frederick (Depths:3)
  A tentacled monstrosity (Vaults:5)
  2 Orb Guardians (Zot:5)
  Rupert (Lair:3)
  A deep elf blademaster (Elf:3)
  Asterion (Elf:3)
  A thorn hunter (Swamp:4)
  Kirke (Swamp:1)
  The ghost of windycow the Warrior, an adept MiFi of Hepliaklqana (D:15)
  2 tengu reavers
  2 storm dragons
  Roxanne (D:14)
  A revenant (Crypt:2)
  2 frost giants
  A draconian knight (Zot:2)
  Louise (Swamp:3)
  A caustic shrike zombie (D:15)
  A deep elf sorcerer (Vaults:5)
  A deep elf elementalist (Elf:3)
  A vault warden (Vaults:2)
  An ironbound preserver (Vaults:1)
  A vampire knight (Crypt:1)
  A war gargoyle (Vaults:3)
  3 stone giants
  A juggernaut skeleton (Depths:2)
  An ironbound thunderhulk (Vaults:3)
  A deep elf annihilator (Elf:3)
  A yellow draconian (Depths:4)
  4 spark wasps (Depths:2)
  A deep elf death mage (Elf:3)
  2 fire dragons
  An ettin (D:15)
  2 deep elf high priests (Elf:3)
  6 hydras
  A yaktaur captain (Vaults:3)
  An ironbound frostheart (Vaults:1)
  A vault guard (Vaults:2)
  An alligator snapping turtle (D:15)
  A spriggan air mage (Depths:2)
  4 centaur warriors
  A dancing weapon (Elf:3)
  A spectral dire elephant (Crypt:3)
  4 death yaks (Lair:4)
  A deep troll shaman (Depths:1)
  A spriggan berserker (Depths:1)
  A vampire mage (Crypt:1)
  An orc high priest (Orc:2)
  A deep elf knight (Swamp:3)
  3 iron trolls (Depths:1)
  A goliath frog (Swamp:4)
  A glowing orange brain (Depths:2)
  6 deep trolls
  A flayed ghost (Crypt:3)
  A skeletal warrior (Crypt:1)
  2 bog bodies (Swamp:4)
  3 ironbound convokers
  A harpy (Vaults:4)
  A necromancer (Crypt:1)
  3 deep elf pyromancers
  2 deep elf zephyrmancers
  9 ugly things
  2 manticores
  3 black mambas (Lair:5)
  A guardian serpent (Lair:5)
  4 elephants (Lair:5)
  2 vault sentinels (Vaults:5)
  Maggie (D:8)
  A freezing wraith (Crypt:3)
  A yaktaur (shapeshifter) (D:14)
  3 yaktaurs
  A meliai (Vaults:1)
  2 hornets
  A tyrant leech (Swamp:4)
  A polar bear (Lair:4)
  2 tarantellas
  6 blink frogs (Lair:5)
  A blink frog (shapeshifter) (D:14)
  6 slime creatures
  A water elemental (Elf:3)
  A spriggan (Swamp:3)
  5 wyverns (Lair:5)
  A wraith (D:10)
  A fire elemental (Elf:2)
  4 yaks
  6 redbacks
  A swamp worm (Swamp:4)
  3 water moccasins
  A swamp drake (Swamp:4)
  4 orc warriors
  3 ogres (Orc:2)
  A bullfrog (Lair:2)
  4 killer bees (D:10)
  An orc priest (Orc:2)
  2 orc wizards
  6 orcs
  A hobgoblin zombie (Crypt:1)
192 creatures vanquished.

Vanquished Creatures (others)
  A sphinx (D:15)
  A fire giant (Depths:2)
  A centaur warrior (D:15)
  A shock serpent (shapeshifter) (D:15)
  A deep elf pyromancer (D:15)
  An ugly thing (D:15)
  A tarantella (shapeshifter) (D:15)
  A wyvern (Lair:4)
  A ynoxinul (Depths:3)
  2 water elementals (D:12)
  A yak (D:12)
  A floating eye (shapeshifter) (D:15)
  An iguana (D:6)
  A bush (Lair:3)
  92 fungi
  133 plants
  A spectral weapon (Elf:3)
  21 withered plants
262 creatures vanquished.

Grand Total: 2359 creatures vanquished

Notes
Turn   | Place    | Note
-------+----------+-------------------------------------------
     0 | D:1      | Ge0ff the Demonspawn Fighter began the quest for the Orb.
     0 | D:1      | Reached XP level 1. HP: 18/18 MP: 1/1
   170 | D:1      | Reached skill level 1 in Stealth
   299 | D:1      | Gained mutation: You sometimes gain a little power by
                  | taking damage. [demonic ancestry]
   299 | D:1      | Reached XP level 2. HP: 22/24 MP: 2/2
   781 | D:1      | Reached XP level 3. HP: 29/29 MP: 3/3
   905 | D:1      | Reached skill level 1 in Dodging
  1330 | D:2      | Found a faded altar of an unknown god.
  1337 | D:2      | Got Plato's Papyrus of Evil
  1421 | D:2      | Gained mutation: You have a pair of small horns on your
                  | head. [demonic ancestry]
  1421 | D:2      | Reached XP level 4. HP: 29/35 MP: 4/4
  2082 | D:3      | Gained mutation: You are partially covered in molten
                  | scales. (AC +2) [demonic ancestry]
  2082 | D:3      | Reached XP level 5. HP: 34/41 MP: 5/5
  2082 | D:3      | Found an ancient bone altar of Kikubaaqudgha.
  2088 | D:3      | Reached skill level 1 in Evocations
  2590 | D:4      | Noticed Blork the orc
  2597 | D:4      | Killed Blork the orc
  2741 | D:4      | Reached XP level 6. HP: 46/47 MP: 6/6
  2943 | D:4      | Found Viaqe's Jewellery Emporium.
  3480 | D:5      | Entered Level 5 of the Dungeon
  3609 | D:5      | Found a sparkling altar of Nemelex Xobeh.
  3613 | D:5      | Became a worshipper of Nemelex Xobeh the Trickster
  3617 | D:5      | Reached skill level 1 in Throwing
  3617 | D:5      | Reached XP level 7. HP: 39/52 MP: 7/7
  3679 | D:5      | Noticed Grinder
  3699 | D:5      | Found a runed translucent door.
  3700 | D:5      | Noticed Crazy Yiuf
  3728 | D:5      | Noticed Ijyb
  3738 | D:5      | Killed Ijyb
  3778 | D:5      | Found a burning altar of Makhleb.
  3828 | D:5      | Killed Grinder
  3829 | D:5      | Reached skill level 1 in Invocations
  3875 | D:5      | Noticed Pikel
  3877 | D:5      | Killed Pikel
  3878 | D:5      | Reached skill level 5 in Fighting
  3878 | D:5      | Reached skill level 5 in Short Blades
  3878 | D:5      | Reached skill level 3 in Invocations
  3878 | D:5      | Reached XP level 8. HP: 62/62 MP: 8/10
  4530 | D:5      | Found a shimmering altar of Xom.
  4793 | D:5      | Found a hazy altar of Hepliaklqana.
  5304 | D:6      | Noticed a purple ugly thing
  5357 | D:6      | Found a staircase to the Ecumenical Temple.
  5537 | D:6      | Reached * piety under Nemelex Xobeh
  5598 | D:6      | Reached skill level 4 in Invocations
  5647 | D:6      | Killed a purple ugly thing
  5648 | D:6      | Gained mutation: You have a pair of horns on your head.
                  | [demonic ancestry]
  5648 | D:6      | Reached XP level 9. HP: 55/69 MP: 12/12
  5838 | D:6      | Reached skill level 5 in Invocations
  6296 | D:6      | Reached skill level 5 in Evocations
  6530 | D:7      | Found Efepsul's Weapon Shop.
  6614 | D:7      | Found Zaompyl's One-of-a-Kind Rings.
  6977 | D:7      | Received a gift from Nemelex Xobeh
  7059 | D:7      | Found a broken altar of Ashenzari.
  7059 | D:7      | Found a stormy altar of Qazlal.
  7059 | D:7      | Found an opulent altar of Gozag.
  7130 | D:7      | Reached XP level 10. HP: 77/79 MP: 13/13
  7307 | D:7      | Found Ulidyed's Antique Armour Shoppe.
  7335 | D:7      | Found Laca's Antique Armour Shop.
  7409 | D:7      | Bought a glowing cloak for 202 gold pieces
  7844 | D:8      | Identified the +7 dagger of Dullness {elec, Contam rElec
                  | Will+}
  7872 | D:8      | Found a sacrificial altar of Ru.
  7874 | D:8      | Reached ** piety under Nemelex Xobeh
  7879 | D:8      | Noticed Maggie
  7891 | D:8      | Killed Maggie
  7957 | D:8      | Noticed Grum
  8135 | D:9      | Killed Grum
  8396 | D:8      | Reached skill level 10 in Short Blades
  8431 | D:8      | Reached skill level 6 in Invocations
  8542 | D:8      | Found a staircase to the Lair.
  8573 | D:8      | You fall into a shaft and drop 3 floors!
  8578 | D:11     | Found Jocoze's Jewellery Shoppe.
  8619 | D:10     | Entered Level 10 of the Dungeon
  8619 | D:10     | Noticed Maurice
  8635 | D:10     | Killed Maurice
  8801 | D:10     | Reached skill level 5 in Armour
  9062 | D:8      | Reached skill level 7 in Invocations
  9062 | D:8      | Reached XP level 11. HP: 86/86 MP: 16/16
  9137 | D:8      | Noticed Prince Ribbit
  9152 | D:8      | Killed Prince Ribbit
  9687 | D:9      | Found a staircase to the Orcish Mines.
  9783 | D:9      | Found a hide-covered altar of Uskayaw.
 10071 | D:9      | Found a shadowy altar of Dithmenos.
 10393 | D:10     | Reached *** piety under Nemelex Xobeh
 11028 | D:11     | Noticed a boulder beetle
 11043 | D:11     | Killed a boulder beetle
 11413 | D:11     | Received a gift from Nemelex Xobeh
 12019 | D:12     | Reached skill level 8 in Invocations
 12048 | D:12     | Noticed a boulder beetle
 12071 | D:12     | Killed a boulder beetle
 12189 | D:12     | Found a frozen archway.
 12366 | IceCv    | Entered an ice cave
 12366 | IceCv    | Noticed a white ugly thing
 12379 | IceCv    | Killed a white ugly thing
 12423 | IceCv    | Found a transporter.
 12434 | IceCv    | Found a transporter.
 12488 | IceCv    | Reached XP level 12. HP: 95/95 MP: 18/18
 12539 | D:12     | Noticed Snorg
 12545 | D:12     | Killed Snorg
 12546 | D:12     | Reached skill level 5 in Throwing
 12785 | D:12     | Noticed Azrael
 13147 | D:11     | Bought an amulet of faith for 640 gold pieces
 13255 | Lair:1   | Entered Level 1 of the Lair of Beasts
 13272 | Lair:1   | Found a dark tunnel.
 13342 | Lair:1   | Reached **** piety under Nemelex Xobeh
 13513 | Volcano  | Entered a volcano
 13740 | Volcano  | Noticed a stone giant
 13746 | Volcano  | Killed a stone giant
 13863 | Lair:1   | Received a gift from Nemelex Xobeh
 14428 | Lair:2   | Received a gift from Nemelex Xobeh
 14430 | Lair:2   | Noticed Sonja
 14433 | Lair:2   | Sonja changed into Sonja the basilisk
 14433 | Lair:2   | Noticed Sonja
 14439 | Lair:2   | Killed Sonja the basilisk
 14440 | Lair:2   | Reached skill level 10 in Fighting
 14465 | Lair:2   | Reached skill level 9 in Invocations
 15040 | Lair:2   | Received a gift from Nemelex Xobeh
 15080 | Lair:2   | Reached ***** piety under Nemelex Xobeh
 15477 | Lair:3   | Gained mutation: You have a pair of large horns on your
                  | head. [demonic ancestry]
 15477 | Lair:3   | Reached XP level 13. HP: 102/103 MP: 20/20
 15579 | Lair:3   | Received a gift from Nemelex Xobeh
 15697 | Lair:3   | Received a gift from Nemelex Xobeh
 15840 | Lair:3   | Noticed Rupert
 15847 | Lair:3   | Killed Rupert
 15848 | Lair:3   | Reached skill level 10 in Invocations
 15875 | Lair:3   | Noticed Amaemon
 15879 | Lair:3   | Killed Amaemon
 15912 | Lair:3   | Reached skill level 5 in Shields
 15931 | Lair:3   | Found a hole to the Spider Nest.
 15932 | Lair:3   | Received a gift from Nemelex Xobeh
 15947 | Lair:3   | Found a staircase to the Swamp.
 15978 | Lair:3   | Reached skill level 5 in Dodging
 15997 | Lair:3   | Noticed Gastronok
 16001 | Lair:3   | Gastronok changed into Gastronok the juggernaut
 16001 | Lair:3   | Noticed Gastronok
 16002 | Lair:3   | Gastronok the juggernaut changed into Gastronok the emperor
                  | scorpion
 16002 | Lair:3   | Noticed Gastronok
 16012 | Lair:3   | Killed Gastronok the emperor scorpion
 16456 | Lair:4   | Noticed Urug
 16489 | Lair:4   | Reached skill level 11 in Invocations
 16674 | Lair:4   | Received a gift from Nemelex Xobeh
 17028 | Lair:4   | Found a staircase to the Slime Pits.
 17158 | Lair:4   | Killed Urug
 17265 | Lair:4   | Received a gift from Nemelex Xobeh
 17714 | Lair:5   | Entered Level 5 of the Lair of Beasts
 17757 | Lair:5   | Gained mutation: You sometimes gain power by taking damage.
                  | [demonic ancestry]
 17757 | Lair:5   | Reached XP level 14. HP: 113/113 MP: 22/22
 17761 | Lair:5   | Reached skill level 12 in Invocations
 18053 | Lair:5   | Received a gift from Nemelex Xobeh
 18428 | Lair:5   | Received a gift from Nemelex Xobeh
 18544 | Lair:5   | Identified the +0 hand axe "Ferewkugg" {speed, Fly}
 19168 | Lair:5   | Reached ****** piety under Nemelex Xobeh
 19696 | D:5      | Killed Crazy Yiuf
 19939 | D:12     | Reached skill level 13 in Invocations
 19967 | D:12     | Killed Azrael
 20201 | D:12     | Received a gift from Nemelex Xobeh
 20623 | D:12     | Found Xautrok's Magic Scroll Emporium.
 21225 | Orc:1    | Entered Level 1 of the Orcish Mines
 21360 | Orc:2    | Entered Level 2 of the Orcish Mines
 21360 | Orc:2    | Received a gift from Nemelex Xobeh
 22157 | Orc:2    | Found a staircase to the Elven Halls.
 22223 | Orc:2    | Received a gift from Nemelex Xobeh
 22726 | Orc:2    | Noticed Nergalle
 22727 | Orc:2    | Found Omuh's Antique Armour Shop.
 22728 | Orc:2    | Killed Nergalle
 22765 | Orc:2    | Found Kummui's Magic Scroll Boutique.
 22765 | Orc:2    | Paralysed by an orc sorcerer for 3 turns
 22797 | Orc:2    | Found a radiant altar of Vehumet.
 22807 | Orc:2    | Found Diapeek's Jewellery Shop.
 22866 | Orc:2    | Reached skill level 14 in Invocations
 22914 | Orc:2    | Found an ancient bone altar of Kikubaaqudgha.
 22942 | Orc:2    | Found Puinoopa's Magic Scroll Boutique.
 23319 | D:12     | Bought a scroll of acquirement for 884 gold pieces
 23319 | D:12     | Acquired 907 gold pieces
 23555 | D:13     | Received a gift from Nemelex Xobeh
 23664 | D:13     | Gained mutation: A weak demonic guardian rushes to your
                  | aid. [demonic ancestry]
 23664 | D:13     | Reached XP level 15. HP: 116/122 MP: 25/25
 23714 | D:13     | Noticed Josephine
 24106 | D:13     | Josephine changed into Josephine the steelbarb worm
 24106 | D:13     | Noticed Josephine
 24107 | D:13     | Josephine the steelbarb worm changed into Josephine the
                  | meliai
 24107 | D:13     | Noticed Josephine
 24109 | D:13     | Killed Josephine the meliai
 24592 | D:14     | Noticed Roxanne
 24683 | D:14     | Found a gate to the Vaults.
 24872 | D:14     | Reached skill level 15 in Invocations
 25233 | D:14     | Killed Roxanne
 25317 | D:14     | Noticed Frances
 25329 | D:14     | Killed Frances
 25436 | D:14     | Received a gift from Nemelex Xobeh
 25556 | D:14     | Noticed Lodul
 25572 | D:14     | Killed Lodul
 25800 | D:15     | Entered Level 15 of the Dungeon
 26224 | D:15     | Identified the ring "Ysyn" {rN++ MP+9}
 26392 | D:15     | Found a transporter.
 26392 | D:15     | Noticed windycow's ghost (adept MiFi)
 26396 | D:15     | Noticed a sphinx
 26626 | D:15     | Found a stormy altar of Qazlal.
 26631 | D:15     | Received a gift from Nemelex Xobeh
 27141 | D:15     | Found a staircase to the Depths.
 27198 | D:15     | Found a transporter.
 27431 | D:15     | Acquired 1013 gold pieces
 27913 | D:15     | Killed a sphinx
 28509 | Spider:1 | Entered Level 1 of the Spider Nest
 28635 | D:7      | Bought a +7 ring of slaying for 1898 gold pieces
 29027 | Spider:1 | Received a gift from Nemelex Xobeh
 29925 | Spider:1 | Reached skill level 5 in Stealth
 30630 | Spider:2 | Gained mutation: You are mostly covered in molten scales.
                  | (AC +3) [demonic ancestry]
 30630 | Spider:2 | Reached XP level 16. HP: 132/134 MP: 27/27
 31572 | Spider:2 | Received a gift from Nemelex Xobeh
 32607 | Spider:3 | Received a gift from Nemelex Xobeh
 32960 | Spider:3 | Reached skill level 15 in Fighting
 33338 | Spider:3 | Received a gift from Nemelex Xobeh
 33854 | Spider:4 | Entered Level 4 of the Spider Nest
 33884 | Spider:4 | Killed Donald
 34426 | Spider:4 | Received a gift from Nemelex Xobeh
 34519 | Spider:4 | Noticed sastreii's ghost (adept GnRe)
 34525 | Spider:4 | Found a runed translucent gate.
 34525 | Spider:4 | Found a runed translucent gate.
 34525 | Spider:4 | Found a runed translucent gate.
 35915 | Spider:4 | Reached skill level 16 in Invocations
 36759 | Spider:4 | Gained mutation: A demonic guardian rushes to your aid.
                  | [demonic ancestry]
 36759 | Spider:4 | Reached XP level 17. HP: 139/142 MP: 29/29
 37185 | Spider:4 | Received a gift from Nemelex Xobeh
 37210 | Spider:4 | Gained mutation: You are completely covered in molten
                  | scales. (AC +4, rF+) [demonic ancestry]
 37210 | Spider:4 | Reached XP level 18. HP: 151/151 MP: 30/30
 37215 | Spider:4 | Got a gossamer rune of Zot
 37435 | Swamp:1  | Entered Level 1 of the Swamp
 37957 | Swamp:1  | Noticed Kirke
 37975 | Swamp:1  | Killed Kirke
 38140 | Swamp:1  | Received a gift from Nemelex Xobeh
 38237 | Swamp:1  | Noticed Aizul
 38248 | Swamp:1  | Killed Aizul
 38739 | Swamp:2  | Reached skill level 1 in Conjurations
 38745 | Swamp:2  | Reached skill level 1 in Transmutations
 38778 | Swamp:2  | Learned a level 5 spell: Irradiate
 38934 | Swamp:2  | Reached skill level 1 in Spellcasting
 38978 | Swamp:2  | Received a gift from Nemelex Xobeh
 40254 | Swamp:3  | Noticed Louise
 40257 | Swamp:3  | Identified the +3 executioner's axe "Widowmaker" {drain,
                  | rElec Str+3}
 40270 | Swamp:3  | Killed Louise
 40283 | Swamp:3  | Received a gift from Nemelex Xobeh
 41069 | Swamp:3  | Received a gift from Nemelex Xobeh
 41216 | Swamp:3  | Got Zixav's Excursus on Vitiation and Electricity
 41283 | Swamp:4  | Entered Level 4 of the Swamp
 41385 | Swamp:4  | Reached skill level 5 in Conjurations
 41998 | Swamp:4  | Reached skill level 5 in Transmutations
 42249 | Swamp:4  | Reached skill level 10 in Armour
 42897 | Swamp:4  | Got a decaying rune of Zot
 42918 | Swamp:4  | Received a gift from Nemelex Xobeh
 43357 | D:15     | Killed windycow's ghost
 43762 | Spider:4 | Reached XP level 19. HP: 159/159 MP: 31/31
 44117 | Spider:4 | Killed sastreii's ghost
 44564 | Elf:1    | Entered Level 1 of the Elven Halls
 45173 | Elf:1    | Received a gift from Nemelex Xobeh
 45308 | Elf:1    | Found Nuwnil's Magic Scroll Boutique.
 45578 | Elf:1    | Reached skill level 5 in Spellcasting
 45666 | Elf:1    | Bought a scroll of immolation for 56 gold pieces
 46349 | Elf:1    | Found a radiant altar of Vehumet.
 46438 | Elf:2    | Found a runed translucent gate.
 46438 | Elf:2    | Found a runed translucent gate.
 46439 | Elf:2    | Found a runed translucent gate.
 46475 | Elf:2    | Received a gift from Nemelex Xobeh
 47335 | Elf:2    | Noticed Agnes
 47812 | Elf:2    | Killed Agnes
 48275 | Elf:2    | Received a gift from Nemelex Xobeh
 48537 | Elf:3    | Entered Level 3 of the Elven Halls
 48559 | Elf:3    | Noticed Zenata
 48561 | Elf:3    | Killed Zenata
 48828 | Elf:3    | Reached skill level 10 in Conjurations
 49271 | Elf:3    | Noticed Asterion
 49282 | Elf:3    | Killed Asterion
 49989 | Elf:3    | Reached skill level 10 in Transmutations
 50423 | Elf:3    | Gained mutation: You punish those that try to bend your
                  | will. (Will+) [demonic ancestry]
 50423 | Elf:3    | Reached XP level 20. HP: 133/166 MP: 30/32
 50438 | Elf:3    | Gained mutation: Your muscles are strong. (Str +4, Int/Dex
                  | -1) [mutagenic glow]
 50852 | Elf:3    | Identified the amulet of the Bespelling Gods {RegenMP rC++
                  | Int-3 Slay+3}
 50896 | Elf:3    | Paralysed by an air elemental for 1 turns
 51064 | Elf:3    | Identified the staff of cold "Plog" {rPois rC+}
 51350 | Elf:3    | Received a gift from Nemelex Xobeh
 51715 | Elf:3    | Got the Incunable of Loathsome Ceraunoscopy
 51716 | Elf:3    | Found the ring of the Hare {EV+10}
 51722 | Elf:3    | Identified the +0 glaive of Indomitability {flame, rElec
                  | rF++}
 51726 | Elf:3    | Identified the +7 triple crossbow of Eternal War {flame,
                  | Dex+4}
 51733 | Elf:3    | Identified the staff of poison "Yroutt" {rPois Int+3}
 51748 | Elf:3    | Identified the +2 whip of the Several Ghosts {holy, rF++}
 51765 | Elf:3    | Identified the staff of air "Xoajuy" {+Blink rElec}
 51767 | Elf:3    | Identified the +0 fire dragon scales of Supple Strength
                  | {rF++ rC- rN++}
 51788 | Elf:3    | Identified the scarf of Salvation {+Inv, rF+ rC+ Regen+}
 51795 | Elf:3    | Identified the +0 spear of Noon {speed, rF+ rN+ Str+2
                  | Int-3}
 52083 | Orc:2    | Bought a scroll of brand weapon for 95 gold pieces
 52660 | D:7      | Bought a jewelled leather armour for 189 gold pieces
 52660 | D:7      | Identified the +0 leather armour of Huge {Str+4 Int-3} (You
                  | bought it in a shop on level 7 of the Dungeon)
 52842 | Vaults:1 | Entered Level 1 of the Vaults
 52898 | Vaults:1 | Identified the ring of the Baleful Banana {rCorr Str+6
                  | Slay+4 Stlth-}
 52952 | Vaults:1 | Received a gift from Nemelex Xobeh
 53589 | Vaults:1 | Received a gift from Nemelex Xobeh
 53594 | Vaults:1 | Found Upsuatwi's Antique Armour Shoppe.
 53621 | Vaults:1 | Bought a warped cloak for 247 gold pieces
 53621 | Vaults:1 | Identified the +1 cloak of Vimoskoerch {rC+ Will+} (You
                  | bought it in a shop on level 1 of the Vaults)
 54843 | Vaults:2 | Reached skill level 10 in Evocations
 54898 | Vaults:2 | You fall into a shaft and drop 2 floors!
 54959 | Vaults:4 | Gained mutation: Potions are less effective at restoring
                  | your health. [mutagenic glow]
 54977 | Vaults:4 | Lost mutation: Potions are less effective at restoring your
                  | health. [potion of mutation]
 54977 | Vaults:4 | Lost mutation: Your muscles are strong. (Str +4, Int/Dex
                  | -1) [potion of mutation]
 54977 | Vaults:4 | Gained mutation: Your magical capacity is low. (-10% MP)
                  | [potion of mutation]
 54977 | Vaults:4 | Gained mutation: Your muscles are strong. (Str +4, Int/Dex
                  | -1) [potion of mutation]
 54977 | Vaults:4 | Gained mutation: You are agile. (Dex +4, Str/Int -1)
                  | [potion of mutation]
 54978 | Vaults:4 | Lost mutation: You are agile. (Dex +4, Str/Int -1) [potion
                  | of mutation]
 54978 | Vaults:4 | Lost mutation: Your magical capacity is low. (-10% MP)
                  | [potion of mutation]
 55059 | Vaults:4 | Received a gift from Nemelex Xobeh
 55071 | Vaults:4 | Found a flickering gateway to a bazaar.
 55082 | Bazaar   | Entered a bazaar
 55082 | Bazaar   | Found Dinotwim's Magic Scroll Shop.
 55082 | Bazaar   | Found Ronloiwa's Jewellery Shop.
 55082 | Bazaar   | Found Poopro Cecod's Antique Weapon Boutique.
 55082 | Bazaar   | Found Papiumm's Assorted Antiques.
 55171 | Bazaar   | Bought a scroll of blinking for 105 gold pieces
 55171 | Bazaar   | Bought a scroll of brand weapon for 133 gold pieces
 55181 | Bazaar   | Bought a potion of haste for 220 gold pieces
 55181 | Bazaar   | Bought a scroll of silence for 209 gold pieces
 55181 | Bazaar   | Bought a potion of curing for 66 gold pieces
 55187 | Bazaar   | Bought a scroll of enchant weapon for 105 gold pieces
 55187 | Bazaar   | Bought a scroll of teleportation for 42 gold pieces
 55187 | Bazaar   | Bought a scroll of fear for 56 gold pieces
 55187 | Bazaar   | Bought a scroll of immolation for 56 gold pieces
 55187 | Bazaar   | Bought 3 scrolls of fog for 168 gold pieces
 55187 | Bazaar   | Bought a scroll of fear for 56 gold pieces
 55682 | Vaults:2 | Received a gift from Nemelex Xobeh
 55715 | Vaults:2 | Noticed Jory
 55726 | Vaults:2 | Killed Jory
 55727 | Vaults:2 | Reached skill level 17 in Invocations
 55836 | Vaults:2 | Reached XP level 21. HP: 107/173 MP: 33/33
 56947 | Vaults:2 | Received a gift from Nemelex Xobeh
 57031 | Vaults:2 | Found a staircase to the Crypt.
 57568 | Vaults:3 | Received a gift from Nemelex Xobeh
 57727 | Vaults:3 | Found Xeipa's Assorted Antiques.
 57738 | Vaults:3 | Bought a potion of heal wounds for 185 gold pieces
 57738 | Vaults:3 | Bought a scroll of fear for 148 gold pieces
 57790 | Vaults:3 | Reached skill level 10 in Shields
 57997 | Vaults:3 | Received a gift from Nemelex Xobeh
 58287 | Vaults:3 | Reached skill level 10 in Throwing
 58417 | Vaults:3 | Gained mutation: Your magical capacity is low. (-10% MP)
                  | [mutagenic glow]
 58418 | Vaults:3 | Lost mutation: Your magical capacity is low. (-10% MP)
                  | [potion of mutation]
 58418 | Vaults:3 | Lost mutation: Your muscles are strong. (Str +4, Int/Dex
                  | -1) [potion of mutation]
 58418 | Vaults:3 | Gained mutation: You are strong-willed. (Will+) [potion of
                  | mutation]
 58418 | Vaults:3 | Gained mutation: You possess an exceptional clarity of
                  | mind. [potion of mutation]
 59111 | Vaults:4 | Received a gift from Nemelex Xobeh
 59782 | Vaults:4 | Received a gift from Nemelex Xobeh
 60996 | Depths:1 | Entered Level 1 of the Depths
 61632 | Depths:1 | Received a gift from Nemelex Xobeh
 61675 | Depths:1 | Gained mutation: You are resistant to unholy torment.
                  | [demonic ancestry]
 61675 | Depths:1 | Reached XP level 22. HP: 125/182 MP: 29/35
 61734 | Depths:1 | Noticed a juggernaut
 61956 | Depths:1 | Killed a juggernaut
 62233 | Depths:1 | Noticed a caustic shrike
 62237 | Depths:1 | Noticed a caustic shrike
 62239 | Depths:1 | Noticed a caustic shrike
 62239 | Depths:1 | Noticed a caustic shrike
 62240 | Depths:1 | Killed a caustic shrike
 62240 | Depths:1 | Noticed a caustic shrike
 62241 | Depths:1 | Reached skill level 18 in Invocations
 62243 | Depths:1 | Killed a caustic shrike
 62247 | Depths:1 | Killed a caustic shrike
 62249 | Depths:1 | Killed a caustic shrike
 62262 | Depths:1 | Reached skill level 10 in Spellcasting
 62281 | Depths:1 | Gained mutation: You do not regenerate when monsters are
                  | visible. [mutagenic glow]
 62282 | Depths:1 | Killed a caustic shrike
 62285 | Depths:1 | Lost mutation: You possess an exceptional clarity of mind.
                  | [potion of mutation]
 62285 | Depths:1 | Lost mutation: You do not regenerate when monsters are
                  | visible. [potion of mutation]
 62285 | Depths:1 | Gained mutation: You are somewhat resistant to further
                  | mutation. [potion of mutation]
 62358 | Depths:1 | Identified the staff of fire "Vaofups" {rPois rF+}
 62497 | Depths:1 | Received a gift from Nemelex Xobeh
 62982 | Depths:1 | Found a gateway to Hell.
 62993 | Depths:1 | Identified the +2 demon whip of Blood-Lust {vamp, rF+ rC+
                  | Will+ Int+2}
 63340 | Depths:2 | Reached skill level 10 in Dodging
 63901 | Depths:2 | Noticed a juggernaut
 63916 | Depths:2 | Killed a juggernaut
 63952 | Depths:2 | Identified the +6 hand axe of Ruination {freeze, Fly Int+2}
 63952 | Depths:2 | Identified the +4 shortbow of Nucehaan {heavy, Will++ MP-9
                  | Str+5}
 64018 | Depths:2 | Found the +0 pair of fencer's gloves {Riposte Dex+3}
 64198 | Depths:2 | Learned a level 2 spell: Passwall
 64295 | Depths:2 | Received a gift from Nemelex Xobeh
 64320 | Depths:2 | Found an opulent altar of Gozag.
 64459 | Depths:2 | Reached skill level 1 in Earth Magic
 64483 | Depths:2 | Received a gift from Nemelex Xobeh
 64570 | Depths:2 | Reached skill level 19 in Invocations
 64711 | Depths:2 | Found a one-way gateway to a ziggurat.
 64714 | Depths:2 | Paralysed by a floating eye for 2 turns
 64724 | Depths:2 | Learned a level 5 spell: Lee's Rapid Deconstruction
 65028 | Depths:2 | Found a one-way gate leading to the halls of Pandemonium.
 65231 | Depths:2 | Noticed Sojobo
 65255 | Depths:2 | Killed Sojobo
 65256 | Depths:2 | Reached XP level 23. HP: 36/190 MP: 37/37
 65492 | Depths:3 | Noticed Frederick
 65500 | Depths:3 | Killed Frederick
 65613 | Depths:3 | Received a gift from Nemelex Xobeh
 65658 | Depths:3 | Found a one-way gate to the infinite horrors of the Abyss.
 65754 | Depths:3 | Reached skill level 5 in Earth Magic
 66183 | Depths:4 | Entered Level 4 of the Depths
 66424 | Depths:4 | Received a gift from Nemelex Xobeh
 66449 | Depths:4 | Found a transporter.
 66455 | Depths:4 | Found a transporter.
 66455 | Depths:4 | Noticed Vv
 66481 | Depths:4 | Killed Vv
 66847 | Depths:4 | Found a transporter.
 66849 | Depths:4 | Found a transporter.
 66854 | Depths:4 | Found a transporter.
 66854 | Depths:4 | Found a transporter.
 66908 | Depths:4 | Found a gate to the Realm of Zot.
 67175 | Depths:4 | Noticed Xtahua
 67181 | Depths:4 | Killed Xtahua
 67315 | Depths:4 | Learned a level 1 spell: Apportation
 67361 | Depths:4 | Identified the +9 rapier "Dudeh" {flame, +Blink rC+}
 68237 | Crypt:1  | Entered Level 1 of the Crypt
 68316 | Crypt:1  | Reached skill level 1 in Translocations
 68459 | Crypt:1  | Received a gift from Nemelex Xobeh
 69951 | Crypt:2  | Received a gift from Nemelex Xobeh
 70342 | Crypt:2  | Noticed Mennas
 70344 | Crypt:2  | Mennas changed into Mennas the pearl dragon
 70344 | Crypt:2  | Noticed Mennas
 70376 | Crypt:2  | Received a gift from Nemelex Xobeh
 70389 | Crypt:2  | Killed Mennas the pearl dragon
 70605 | Crypt:2  | Found an ancient bone altar of Kikubaaqudgha.
 71047 | Crypt:3  | Entered Level 3 of the Crypt
 71223 | Crypt:3  | Received a gift from Nemelex Xobeh
 72441 | Crypt:3  | Found a staircase to the Tomb.
 72774 | Crypt:3  | Reached skill level 20 in Invocations
 72885 | Crypt:3  | Gained mutation: You can hurl damnation. [demonic ancestry]
 72885 | Crypt:3  | Reached XP level 24. HP: 172/200 MP: 31/37
 73098 | Crypt:3  | Received a gift from Nemelex Xobeh
 73421 | Crypt:3  | Identified the +0 plate armour of Misanthropy {+Inv Str-4
                  | Dex+3}
 73480 | Crypt:3  | Got the Papyrus of Interference
 73492 | Crypt:3  | Identified the ring of Vehumet, Shifting {*Slow rN+ Str+3
                  | Int+3}
 73492 | Crypt:3  | Identified the ring "Piezxun" {rElec rF+ rN+ Str+8 Dex-4
                  | Slay+3}
 73492 | Crypt:3  | Identified the ring "Ymomeut" {rPois rN+}
 73659 | Crypt:3  | Got the Secrets of Necromancy
 73662 | Crypt:3  | Identified the staff of fire "Woycos" {rPois rF+}
 73968 | Crypt:3  | Acquired 489 gold pieces
 74095 | Vaults:3 | Bought a wand of acid (5) for 777 gold pieces
 74095 | Vaults:3 | Bought a wand of mindburst (6) for 310 gold pieces
 74095 | Vaults:3 | Bought a wand of digging (2) for 310 gold pieces
 74095 | Vaults:3 | Bought a wand of iceblast (7) for 621 gold pieces
 74156 | Vaults:5 | Entered Level 5 of the Vaults
 74160 | Vaults:5 | Reached skill level 15 in Shields
 74160 | Vaults:5 | Reached skill level 5 in Translocations
 74241 | Vaults:5 | Reached skill level 10 in Earth Magic
 74428 | Vaults:5 | Found the +3 salamander hide armour {Flames, rFlCloud rF++
                  | rC--}
 74430 | Vaults:5 | Identified the +12 fire dragon scales of Hyxaaheq {Harm
                  | rF++ rC- rN++}
 74859 | Vaults:5 | Identified the +2 barding of the Past {rN+ Str+3}
 75158 | Vaults:5 | Noticed a dread lich
 75200 | Vaults:5 | Killed a dread lich
 75329 | Vaults:5 | Received a gift from Nemelex Xobeh
 75356 | Vaults:5 | Got Sif Muna's Precepts of the Lofty Torch
 75371 | Vaults:5 | Got the Handbook of the Glacial Lungs
 75381 | Vaults:5 | Identified the +7 sling "Fasocumi" {drain, rPois rF- rN++}
 75558 | Vaults:5 | Reached skill level 21 in Invocations
 75636 | Vaults:5 | Identified the ring "Luysagix" {rPois rF+ Will+}
 76616 | Vaults:5 | Received a gift from Nemelex Xobeh
 76922 | Vaults:5 | Got a silver rune of Zot
 76929 | Vaults:5 | Learned a level 5 spell: Yara's Violent Unravelling
 77287 | D:12     | Bought a scroll of butterflies for 68 gold pieces
 77287 | D:12     | Bought a scroll of vulnerability for 68 gold pieces
 77287 | D:12     | Bought a scroll of teleportation for 51 gold pieces
 77287 | D:12     | Bought a scroll of enchant armour for 127 gold pieces
 77287 | D:12     | Bought a scroll of magic mapping for 127 gold pieces
 77488 | Orc:2    | Bought a scroll of blinking for 90 gold pieces
 77488 | Orc:2    | Bought a scroll of poison for 48 gold pieces
 77488 | Orc:2    | Bought a scroll of fear for 48 gold pieces
 77488 | Orc:2    | Bought a scroll of enchant armour for 90 gold pieces
 77488 | Orc:2    | Bought a scroll of vulnerability for 48 gold pieces
 77589 | Elf:1    | Bought a scroll of enchant armour for 105 gold pieces
 77589 | Elf:1    | Bought a scroll of teleportation for 42 gold pieces
 78113 | Orc:2    | Bought a scroll of teleportation for 30 gold pieces
 78113 | Orc:2    | Bought a scroll of fog for 40 gold pieces
 78113 | Orc:2    | Bought a scroll of fog for 40 gold pieces
 78449 | Zot:1    | Entered Level 1 of the Realm of Zot
 78584 | Zot:1    | Reached skill level 1 in Hexes
 78792 | Zot:1    | Gained mutation: A powerful demonic guardian rushes to your
                  | aid. [demonic ancestry]
 78792 | Zot:1    | Reached XP level 25. HP: 192/209 MP: 27/37
 79893 | Zot:4    | Received a gift from Nemelex Xobeh
 80327 | Zot:5    | Entered Level 5 of the Realm of Zot
 80516 | Zot:5    | Noticed a Killer Klown
 80520 | Zot:5    | Killed a Killer Klown
 81199 | Zot:5    | Received a gift from Nemelex Xobeh
 81551 | Zot:5    | Noticed a dread lich
 81591 | Zot:5    | Noticed an orb of fire
 81592 | Zot:5    | Noticed an orb of fire
 81798 | Zot:5    | Noticed a Killer Klown
 81826 | Zot:5    | Killed a Killer Klown
 81833 | Zot:5    | Noticed an ancient lich
 82012 | Zot:5    | Killed an orb of fire
 82137 | Zot:5    | Killed a dread lich
 82143 | Zot:5    | Killed an orb of fire
 84282 | Zot:5    | Noticed an orb of fire
 84284 | Zot:5    | Reached skill level 5 in Hexes
 84381 | Zot:5    | Noticed an ancient lich
 84386 | Zot:4    | Gained mutation: You are frail. (-10% HP) [an orb of fire]
 84387 | Zot:4    | Killed an orb of fire
 84548 | Zot:5    | Noticed a Killer Klown
 84551 | Zot:5    | Killed an ancient lich
 84559 | Zot:4    | Killed a Killer Klown
 84638 | Zot:5    | Noticed a dread lich
 84641 | Zot:5    | Killed an ancient lich
 84642 | Zot:5    | Reached skill level 22 in Invocations
 84711 | Zot:5    | Killed a dread lich
 85001 | Zot:5    | Noticed an ancient lich
 85003 | Zot:5    | Killed an ancient lich
 85394 | Zot:5    | Identified the +4 plate armour of Impermeability {rC+}
 85906 | Zot:5    | Got the Orb of Zot
 86326 | D:7      | Noticed Furan the pandemonium lord
 86518 | D:$      | Escaped with the Orb!

Illustrated notes

Levels and vault maps discovered:
D:1:      minmay_arrival_widening_spiral_wide, layout_basic
D:2:      layout_rooms, shapermc_ecumenical_altar_rom_forum, roderic_lattice_a,
          kennysheep_generic_room_15
D:3:      layout_loops_ring, mainiacjoe_overflow_alcove_2
D:4:      layout_cave_pools, serial_shops, shop, grunt_ministairs_8,
          uniq_blork_the_orc
D:5:      layout_loops_ring, lightli_temple_of_fire, lemuel_crystal_altar,
          zin_academy, nicolae_hepliaklqana_monster_ancestors,
          nemelex_diamond_rough_becter, uniq_pikel, uniq_crazy_yiuf_cottage,
          uniq_grinder, uniq_ijyb
D:6:      layout_basic, nicolae_elyvilon_temple_path, minmay_temple_entry_glass,
          minmay_divided_ellipse
D:7:      layout_basic, gammafunk_temple_overflow_forgotten, serial_shops, shop,
          nicolae_shop_unique_rings, nicolae_wooded_promenade
D:8:      layout_basic, nicolae_ru_sacrificial_ziggurat,
          due_lair_maze_entry_diamond, uniq_maggie, uniq_grum,
          uniq_prince_ribbit1
D:9:      layout_cave_pools, grunt_dithmenos_shadows,
          mainiacjoe_overflow_six_doors_small, david_orc_4
D:10:     layout_loops_ring, bh_circular_ruins, uniq_maurice
D:11:     layout_cave_pods, serial_column_ruins, column_ruins_hut,
          column_ruins_open_tiny_water, column_ruins_corridor_straight,
          column_ruins_grid_1, column_ruins_columns_straight,
          column_ruins_grid_3, column_ruins_corridor_straight, serial_shops,
          kennysheep_mini_moat, minmay_misc_feat_doors, minivault_1,
          dk_noncrumbling_3
D:12:     layout_basic, portal_ice_cave_demonic_guard, serial_shops,
          shop_scrolls, uniq_azrael, uniq_snorg
D:13:     layout_long_grid, uniq_josephine
D:14:     layout_roguey, skrybe_vaults_entry_preservation, serial_bayou_pond_a,
          nicolae_figureground_sparkle, uniq_roxanne, uniq_frances, uniq_lodul
D:15:     gammafunk_depths_entry_grave, layout_rooms, grunt_qazlal_clouds,
          gammafunk_ghost_arena
Lair:1:   layout_gridlike, nicolae_volcano_entry_hallway
Lair:2:   layout_chaotic_city, uniq_sonja
Lair:3:   layout_long_grid, swamp_mist_pool, nicolae_spider_entry_non_spiders,
          pdpol_lair_neglected_garden, lemuel_fruit_tree, uniq_amaemon,
          uniq_gastronok, uniq_rupert
Lair:4:   layout_roguey, nicolae_slime_entry_field_trip, st_stairs_12, uniq_urug
Lair:5:   hangedman_lair_tendril_chambers, layout_cave_pods,
          grunt_forest_small_clearing_treed
Swamp:1:  layout_basic_swamp, nicolae_swamp_fairy_circle, uniq_kirke, uniq_aizul
Swamp:2:  layout_basic_swamp, evilmike_swamp_ruin_house_2, swamp_pool1,
          nicolae_swamp_necromancer_hut
Swamp:3:  cheibrodos_swamp_heart_of_darkness, layout_basic_swamp,
          hangedman_swamp_ruin_wall, uniq_louise
Swamp:4:  swamp_basic_johnstein, layout_basic_swamp, swamp_pool4,
          grunt_lady_of_the_lake
Spider:1: layout_spider_delve
Spider:2: layout_spider_delve, nicolae_orb_stairs
Spider:3: layout_chambers, drop_trap, nicolae_spider_claw_tunnel
Spider:4: floodkiller_spider_rune_tomb, gammafunk_ghost_split,
          nicolae_spider_webs_and_nodes, uniq_donald
Orc:1:    layout_caves, nicolae_orc_stony_grotto, hellmonk_bongcloud_opening
Orc:2:    kennysheep_orc_mage_school, layout_diamond_mine
Elf:1:    layout_gridlike, serial_shops, nicolae_shop_hallway_stairs,
          hangedman_elven_crosses_minicolossus, lemuel_upstairs_altar
Elf:2:    elven_hall_of_blades_hangedman_original
          [nicolae_blade_entry_sentries_behind_glass], layout_loops_corners,
          uniq_agnes
Elf:3:    minmay_elf_hall_four_x, layout_loops_cross, uniq_asterion, uniq_zenata
Vaults:1: nicolae_vaults_tangram_2, vaults_room_grid,
          nicolae_vaults_security_offices_5, nicolae_vaults_three_branches,
          nicolae_vaults_storage_closets_1, hangedman_vaults_capsules,
          vaults_dpeg_cross, v_pattern_5, ontoclasm_vaults_hangar,
          nicolae_vaults_trapezoid_1, vaults_room_grunt_arrival_ludios,
          nicolae_vaults_windows_and_doors_thing, ontoclasm_vaults_pinch,
          nicolae_vaults_double_plus_2, nicolae_vaults_variable_pillar_hall,
          layout_vaults_big_cross, serial_shops, shop
Vaults:2: nicolae_vaults_halls_meeting, nicolae_vaults_ring_of_whatevers,
          vaults_dpeg_encased_lava, v_rooms_2, minmay_crypt_entry_simple_sparse,
          serial_ice_m, vaults_standard_mumra_lines, hangedman_vaults_slice,
          vaults_standard_mumra_x, v_pattern_2, grunt_vaults_swirl,
          nicolae_vaults_tangram_1, layout_vaults_big_room, uniq_jory
Vaults:3: nicolae_vaults_sightless_eye, vaults_room_fours, v_misc_10,
          nicolae_vaults_surprise_closet, hangedman_vaults_corner,
          nicolae_vaults_layer_cake_slice, nicolae_vaults_specimen_jars,
          grunt_vaults_twisty, nicolae_vaults_little_squares_3,
          special_room_vaults [special_room_orc], v_misc_8, grunt_vaults_focal,
          nicolae_vaults_offset_grid_hallway_4,
          nicolae_vaults_diagonal_hallway_6, nicolae_vaults_angled_halls,
          layout_vaults_maze_snakey, serial_shops, shop
Vaults:4: ontoclasm_vaults_ring_square, grunt_vaults_diagonal, v_misc_12,
          vaults_room_fancy_cross, v_misc_30, v_misc_5, hangedman_vaults_maws,
          nicolae_vaults_ninety_degrees, nicolae_vaults_hallways_thing,
          nicolae_vaults_whirlpool_walls, v_misc_23, v_alt_pattern_3,
          ontoclasm_vaults_fault, ontoclasm_vaults_gateway, layout_vaults_ring,
          serial_shops, bzr_entry_lakeside, uniq_margery
Vaults:5: serial_shops
Crypt:1:  layout_basic, serial_sigils_hangedman_etch
Crypt:2:  layout_gridlike, nicolae_crypt_little_mausoleum, grunt_megastairs_4,
          uniq_mennas
Crypt:3:  due_elkab, layout_chaotic_city
Depths:1: grunt_x_marks_the_spot, layout_cave_shapes,
          serial_sigils_hangedman_scar, hellmouth_1, minmay_misc_feat_alley,
          drop_trap
Depths:2: minmay_the_grid_square_5x5_4x4
          [minmay_the_grid_square_5x5_almost_minimal,
          minmay_the_grid_square_5x5_detours,
          minmay_the_grid_square_5x5_two_walls_b,
          minmay_the_grid_square_5x5_broken_cross,
          minmay_the_grid_square_5x5_misaligned,
          minmay_the_grid_square_5x5_prize_rear_guard,
          minmay_the_grid_square_5x5_prize_itemx,
          minmay_the_grid_square_5x5_mess, minmay_the_grid_square_5x5_two,
          minmay_the_grid_square_5x5_prize_junk,
          minmay_the_grid_square_5x5_prize_waves,
          minmay_the_grid_square_5x5_checkered,
          minmay_the_grid_square_5x5_trominoes,
          minmay_the_grid_square_5x5_two_walls_a,
          minmay_the_grid_square_5x5_inner_z, minmay_the_grid_square_5x5_plus],
          layout_gridlike, enter_ziggurat_c, grunt_hell_entry_dis_grunt,
          grunt_gozag_statues, pan_entry, uniq_sojobo
Depths:3: cheibrodos_quadrivalence, layout_basic, hangedman_coc_ice_floe,
          hangedman_abyss_entry_splay, uniq_frederick
Depths:4: evilmike_zot_entry_basic, layout_gridlike, nrook_mini_backslash,
          hell_entry, serial_nicolae_subway, nicolae_sub_station_crystal,
          nicolae_sub_station_metal, nicolae_sub_station_stone, uniq_josephina,
          uniq_vv, uniq_xtahua
Zot:1:    layout_concentric_octagons, uniq_tiamat
Zot:2:    layout_gridlike
Zot:3:    layout_gridlike
Zot:4:    layout_gridlike, grunt_megastairs_1
Zot:5:    layout_basic

Skill      XL: |  1  2  3  4  5  6  7  8  9 10 11 12 13 14 15 16 17 18 19 20 21 22 23 24 25 |
---------------+----------------------------------------------------------------------------+-----
Short Blades   | 2 3 4 5 7 9 10 11 12 13 14 | 14.0
Stealth        | 1 2 3 4 5 |  5.0
Dodging        | 1 2 3 4 5 6 7 8 9 10 11 12 | 12.0
Armour         | 3 4 5 6 7 8 9 10 11 12 | 12.0
Evocations     | 2 3 4 5 6 7 8 9 10 11 12 13 | 13.9
Throwing       | 1 3 4 6 7 8 9 10 11 | 11.9
Shields        | 3 4 5 6 7 9 11 13 14 15 | 15.0
Fighting       | 5 7 9 10 11 12 14 15 16 17 18 19 20 | 20.2
Invocations    | 3 4 5 7 8 9 11 14 15 16 17 19 20 21 22 | 22.2
Conjurations   | 6 10 11 12 | 12.0
Transmutations | 6 10 11 12 | 12.0
Spellcasting   | 4 7 8 9 10 | 10.0
Earth Magic    | 2 9 10 | 10.0
Translocations | 4 7 |  7.0
Hexes          | 1 7 |  7.0

Action                     |  1- 3 |  4- 6 |  7- 9 | 10-12 | 13-15 | 16-18 | 19-21 | 22-24 | 25-27 || total
---------------------------+-------+-------+-------+-------+-------+-------+-------+-------+-------++-------
  Melee: Rapier            |   148 |   143 |   190 |       |       |       |       |       |       ||   481
         Headbutt          |       |    23 |    54 |   199 |   275 |   345 |   493 |   627 |    88 ||  2104
         Short sword       |       |       |    39 |    92 |       |       |       |       |       ||   131
         Dagger            |       |       |       |   665 |  1000 |  1045 |  1340 |  1177 |   166 ||  5393
  Throw: Stone             |     6 |    29 |    30 |    29 |       |       |       |       |       ||    94
         Dart              |       |     6 |       |    51 |   223 |   252 |    56 |    35 |     5 ||   628
         Boomerang         |       |       |    27 |   104 |   272 |       |       |   157 |       ||   560
         Javelin           |       |       |       |       |       |       |       |    59 |       ||    59
         Throwing net      |       |       |       |       |       |       |       |     1 |     2 ||     3
   Cast: Irradiate         |       |       |       |       |       |       |   114 |   202 |    52 ||   368
         Passwall          |       |       |       |       |       |       |       |     2 |     3 ||     5
         Lee's Rapid Decon |       |       |       |       |       |       |       |    23 |       ||    23
         Apportation       |       |       |       |       |       |       |       |    17 |     3 ||    20
 Invoke: Draw Summoning    |       |       |       |     5 |    22 |    20 |    22 |    16 |     3 ||    88
         Draw Destruction  |       |       |       |     5 |    60 |    37 |    29 |    30 |       ||   161
         Draw Escape       |       |       |       |       |     6 |     3 |    12 |       |       ||    21
         Deal Four         |       |       |       |       |     3 |     2 |     9 |    10 |       ||    24
         Triple Draw       |       |       |       |       |     1 |       |     1 |     4 |       ||     6
         Draw Stack        |       |       |       |       |     4 |     2 |     5 |     1 |       ||    12
         Stack Five        |       |       |       |       |     1 |     1 |     2 |       |       ||     4
Ability: Hurl Damnation    |       |       |       |       |       |       |       |    40 |    66 ||   106
  Evoke: Wand              |       |     4 |    45 |    30 |    23 |    45 |    39 |    14 |     4 ||   204
         Phial of floods   |       |       |       |       |     3 |     3 |     7 |     2 |       ||    15
         Phantom mirror    |       |       |       |       |       |     3 |     4 |     2 |       ||     9
         Condenser vane    |       |       |       |       |       |       |     1 |     7 |     1 ||     9
         Box of beasts     |       |       |       |       |       |       |       |     1 |       ||     1
    Use: Scroll            |     8 |     8 |     4 |    12 |    10 |     7 |    18 |    18 |    11 ||    96
         Potion            |       |       |     1 |     5 |     2 |     9 |     9 |     8 |    11 ||    45
   Stab: Invisible         |       |       |       |     5 |       |     2 |       |     1 |       ||     8
         Sleeping          |       |       |       |     3 |     1 |     2 |     5 |     6 |       ||    17
         Petrifying        |       |       |       |     2 |       |       |       |       |     2 ||     4
         Distracted        |       |       |       |     1 |       |     9 |     6 |     4 |     1 ||    21
         Held in net/web   |       |       |       |       |       |       |       |       |     1 ||     1
         Petrified         |       |       |       |       |       |       |       |       |     1 ||     1
 Armour: Scale mail        |    54 |    60 |    73 |     8 |       |       |       |       |       ||   195
         Swamp dragon scal |       |       |       |   164 |   295 |   428 |   363 |   318 |    54 ||  1622
  Dodge: Dodged            |    44 |    62 |    74 |   233 |   314 |   483 |   495 |   539 |    93 ||  2337
  Block: Buckler           |    28 |    31 |    45 |   103 |   156 |   102 |   303 |       |       ||   768
         Kite shield       |       |       |       |       |       |   250 |    54 |   622 |   118 ||  1044
Riposte: Dagger            |       |       |       |       |       |       |       |   239 |    62 ||   301

Table legend: (Time is in decaauts)
 A = Elapsed time spent in this place.
 B = Non-inter-level travel time spent in this place.
 C = Inter-level travel time spent in this place.
 D = Time resting spent in this place.
 E = Time spent auto-exploring this place.
 F = Levels seen in this place.
 G = Mean time per level.
                   A        B        C        D        E       F      G
               +--------+--------+--------+--------+--------+-----+--------+
         Total |  84301 |  75422 |   8879 |  10040 |  46407 |  53 | 1590.6 |
       Dungeon |  22624 |  18907 |   3717 |   2021 |  10858 |  15 | 1508.3 |
          Lair |   6382 |   5490 |    892 |      0 |   3999 |   5 | 1276.4 |
         Swamp |   5731 |   5430 |    301 |    199 |   3823 |   4 | 1432.8 |
   Spider Nest |   9156 |   8613 |    543 |   1349 |   5539 |   4 | 2289.0 |
  Orcish Mines |   2627 |   1736 |    891 |    125 |   1176 |   2 | 1313.5 |
   Elven Halls |   7485 |   7012 |    473 |   1162 |   4525 |   3 | 2495.0 |
        Vaults |  10604 |   9518 |   1086 |    906 |   6187 |   5 | 2120.8 |
         Crypt |   5128 |   4798 |    330 |    476 |   2949 |   3 | 1709.3 |
        Depths |   6830 |   6398 |    432 |    832 |   4046 |   4 | 1707.5 |
           Zot |   7244 |   7034 |    210 |   2909 |   3119 |   5 | 1448.8 |
        Bazaar |    109 |    109 |      0 |      0 |     96 |   1 |  109.0 |
      Ice Cave |     95 |     95 |      0 |     21 |      0 |   1 |   95.0 |
       Volcano |    279 |    279 |      0 |     37 |     85 |   1 |  279.0 |
               +--------+--------+--------+--------+--------+-----+--------+

Top non-repeatable levels by time:
   Zot:5: 5172 daAuts
Spider:4: 4098 daAuts
   Elf:2: 3670 daAuts
Depths:2: 2800 daAuts
    D:15: 2702 daAuts
    D:12: 2635 daAuts
Vaults:4: 2576 daAuts
Vaults:2: 2314 daAuts
    D:14: 2307 daAuts
Vaults:5: 2275 daAuts
   Elf:3: 2201 daAuts
 Crypt:3: 2146 daAuts
Vaults:1: 1961 daAuts
Spider:3: 1876 daAuts
   Orc:2: 1815 daAuts
